[ PARTIDA AOE2 · #482709588 ]
UnrankedTurcos vs Bohemians
Equipo del jugador · DERR
Equipo rival · VICT
[ ANÁLISIS DE REPETICIÓN · EXTRAÍDO DE LA PARTIDA GRABADA ]
Feudal
10:30
Castillos
15:41
Imperial
29:50
| APM promedio | 23.0 |
| APM pico | 58 |
| eAPM promedio | 14.3 |
| Aldeanos / militares | 131 / 209 |
Foco
⚔️ 36.3% · 🌾 63.7%
Scout Cavalry ×83 · Knight ×47 · Skirmisher ×25 · Battering Ram ×15 · Bombard Cannon ×15 · Monk ×7
Feudal
11:00
Castillos
18:41
Imperial
32:48
| APM promedio | 35.7 |
| APM pico | 66 |
| eAPM promedio | 15.6 |
| Aldeanos / militares | 180 / 638 |
Foco
⚔️ 33.5% · 🌾 66.5%
Spearman ×312 · Hand Cannoneer ×87 · Archer ×85 · Hussite Wagon ×75 · Scout Cavalry ×56 · Trebuchet (Packed) ×14
Mapa de la partida
Recursos iniciales + cada clic de construcción. Líneas = muros · curvas = relieve. ◆ oro · ⬟ piedra · ● bayas · ✦ reliquia · ◌ hueco del cierre
Tu base· Abierta — flanco sin cerrar
Base de DoT$eN· Abierta — hueco de 1t
Terreno inicial suavizado · ◌ = hueco del cierre detectado · pasá el cursor para detalles
Inputs por minuto
— krikri - - DoT$eN
Build order — krikri
Primeras 150 de 452 acciones detectadas
| 0:00 | Crear | Villager (Male) |
| 0:01 | Crear | Villager (Male) |
| 0:01 | Crear | Villager (Male) |
| 0:01 | Crear | Villager (Male) |
| 0:02 | Construir | House |
| 0:04 | Construir | House |
| 1:28 | Crear | Villager (Male) |
| 2:01 | Crear | Villager (Male) |
| 2:04 | Construir | Lumber Camp |
| 2:27 | Crear | Villager (Male) |
| 2:27 | Crear | Villager (Male) |
| 2:35 | Construir | House |
| 3:04 | Crear | Villager (Male) |
| 3:04 | Crear | Villager (Male) |
| 3:05 | Crear | Villager (Male) |
| 4:00 | Crear | Villager (Male) |
| 4:00 | Crear | Villager (Male) |
| 4:00 | Crear | Villager (Male) |
| 4:58 | Crear | Villager (Male) |
| 4:58 | Crear | Villager (Male) |
| 4:58 | Crear | Villager (Male) |
| 5:24 | Crear | Villager (Male) |
| 5:29 | Construir | Mill |
| 5:57 | Crear | Villager (Male) |
| 6:13 | Construir | House |
| 6:41 | Crear | Villager (Male) |
| 6:58 | Crear | Villager (Male) |
| 7:31 | Crear | Villager (Male) |
| 7:35 | Construir | Mining Camp |
| 8:20 | Investigar | Feudal Age |
| 9:16 | Construir | House |
| 9:42 | Crear | Villager (Male) |
| 10:30 | Edad | Edad Feudal |
| 10:52 | Crear | Villager (Male) |
| 11:04 | Construir | Blacksmith |
| 11:07 | Construir | Market |
| 11:26 | Crear | Villager (Male) |
| 11:46 | Construir | Farm |
| 11:46 | Construir | Farm |
| 11:46 | Construir | Farm |
| 11:46 | Construir | Farm |
| 11:47 | Construir | Farm |
| 11:47 | Construir | Farm |
| 11:47 | Construir | Farm |
| 11:48 | Construir | Farm |
| 11:48 | Construir | Farm |
| 11:48 | Construir | Farm |
| 11:48 | Construir | Farm |
| 11:51 | Construir | Farm |
| 11:52 | Construir | Farm |
| 11:52 | Construir | Farm |
| 11:52 | Construir | Farm |
| 12:04 | Crear | Villager (Male) |
| 12:18 | Construir | Farm |
| 12:19 | Crear | Villager (Male) |
| 12:47 | Construir | Farm |
| 12:51 | Construir | Farm |
| 13:01 | Investigar | Castle Age |
| 13:01 | Investigar | Castle Age |
| 13:03 | Investigar | Loom |
| 14:02 | Investigar | Double-Bit Axe |
| 14:25 | Construir | Barracks |
| 14:36 | Crear | Villager (Male) |
| 14:41 | Construir | House |
| 15:23 | Crear | Villager (Male) |
| 15:41 | Edad | Edad de los Castillos |
| 15:49 | Construir | Town Center |
| 15:53 | Crear | Villager (Male) |
| 16:17 | Construir | Palisade Wall |
| 16:40 | Crear | Villager (Male) |
| 16:43 | Crear | Villager (Male) |
| 16:51 | Crear | Villager (Male) |
| 17:04 | Crear | Spearman |
| 17:05 | Crear | Spearman |
| 17:05 | Crear | Spearman |
| 17:23 | Construir | Town Center |
| 17:30 | Crear | Villager (Male) |
| 17:30 | Crear | Villager (Male) |
| 17:30 | Crear | Villager (Male) |
| 17:32 | Crear | Villager (Male) |
| 17:45 | Construir | Palisade Wall |
| 17:56 | Construir | Palisade Wall |
| 17:57 | Crear | Villager (Male) |
| 18:55 | Crear | Villager (Male) |
| 19:06 | Crear | Villager (Male) |
| 19:16 | Crear | Villager (Male) |
| 19:25 | Construir | House |
| 19:26 | Construir | House |
| 19:30 | Construir | House |
| 19:35 | Construir | Monastery |
| 19:38 | Construir | House |
| 19:49 | Crear | Villager (Male) |
| 19:51 | Investigar | Wheelbarrow |
| 19:56 | Construir | House |
| 19:59 | Construir | House |
| 20:09 | Investigar | Bow Saw |
| 20:10 | Investigar | Horse Collar |
| 20:21 | Crear | Villager (Male) |
| 20:53 | Crear | Villager (Male) |
| 21:03 | Crear | Villager (Male) |
| 21:04 | Crear | Villager (Male) |
| 21:06 | Crear | Villager (Male) |
| 21:21 | Crear | Villager (Male) |
| 21:21 | Crear | Villager (Male) |
| 21:21 | Crear | Villager (Male) |
| 21:30 | Construir | Farm |
| 21:54 | Crear | Monk |
| 22:06 | Construir | Mining Camp |
| 22:14 | Construir | House |
| 22:15 | Construir | House |
| 22:16 | Construir | House |
| 22:19 | Crear | Villager (Male) |
| 22:20 | Crear | Villager (Male) |
| 22:23 | Crear | Villager (Male) |
| 22:52 | Crear | Villager (Male) |
| 22:58 | Crear | Villager (Male) |
| 23:26 | Construir | Farm |
| 23:28 | Construir | Farm |
| 23:28 | Construir | Farm |
| 23:28 | Construir | Farm |
| 23:28 | Construir | Farm |
| 23:29 | Construir | Farm |
| 23:30 | Crear | Villager (Male) |
| 23:31 | Crear | Villager (Male) |
| 23:43 | Crear | Villager (Male) |
| 23:51 | Crear | Villager (Male) |
| 23:52 | Crear | Villager (Male) |
| 23:53 | Crear | Villager (Male) |
| 24:09 | Construir | Stable |
| 24:23 | Investigar | Gold Mining |
| 24:26 | Crear | Villager (Male) |
| 24:26 | Crear | Villager (Male) |
| 24:27 | Crear | Villager (Male) |
| 24:48 | Crear | Villager (Male) |
| 24:50 | Crear | Villager (Male) |
| 24:52 | Crear | Villager (Male) |
| 25:09 | Construir | Farm |
| 25:29 | Construir | University |
| 25:32 | Crear | Villager (Male) |
| 25:33 | Crear | Villager (Male) |
| 25:34 | Crear | Villager (Male) |
| 25:58 | Crear | Monk |
| 25:58 | Crear | Monk |
| 26:00 | Investigar | Atonement |
| 26:01 | Investigar | Fervor |
| 26:15 | Crear | Villager (Male) |
| 26:17 | Crear | Villager (Male) |
| 26:20 | Crear | Villager (Male) |
| 26:29 | Investigar | Imperial Age |
| 26:29 | Investigar | Imperial Age |
Build order — DoT$eN
Primeras 150 de 565 acciones detectadas
| 0:01 | Crear | Villager (Male) |
| 0:01 | Crear | Villager (Male) |
| 0:02 | Crear | Villager (Male) |
| 0:02 | Construir | House |
| 0:04 | Construir | House |
| 0:24 | Crear | Villager (Male) |
| 1:27 | Crear | Villager (Male) |
| 2:01 | Construir | Lumber Camp |
| 2:01 | Crear | Villager (Male) |
| 2:27 | Crear | Villager (Male) |
| 2:57 | Crear | Villager (Male) |
| 3:07 | Crear | Villager (Male) |
| 3:47 | Crear | Villager (Male) |
| 3:57 | Construir | House |
| 4:17 | Crear | Villager (Male) |
| 4:35 | Construir | House |
| 4:54 | Crear | Villager (Male) |
| 5:01 | Construir | Mill |
| 5:12 | Construir | Palisade Wall |
| 5:30 | Crear | Villager (Male) |
| 5:51 | Construir | Palisade Gate |
| 5:57 | Crear | Villager (Male) |
| 6:04 | Crear | Villager (Male) |
| 6:14 | Construir | Barracks |
| 6:32 | Crear | Villager (Male) |
| 7:22 | Crear | Villager (Male) |
| 7:42 | Construir | Palisade Wall |
| 7:47 | Crear | Villager (Male) |
| 8:12 | Crear | Villager (Male) |
| 8:50 | Investigar | Feudal Age |
| 9:17 | Construir | Palisade Gate |
| 9:59 | Construir | House |
| 10:38 | Construir | Mining Camp |
| 11:00 | Edad | Edad Feudal |
| 11:01 | Construir | Outpost |
| 11:02 | Crear | Villager (Male) |
| 11:18 | Investigar | Double-Bit Axe |
| 11:25 | Construir | Blacksmith |
| 11:33 | Construir | Market |
| 11:41 | Construir | Palisade Wall |
| 11:42 | Crear | Villager (Male) |
| 11:46 | Construir | Farm |
| 11:51 | Construir | Farm |
| 12:05 | Construir | Outpost |
| 12:11 | Construir | House |
| 12:14 | Construir | Palisade Wall |
| 12:18 | Construir | Farm |
| 12:22 | Crear | Villager (Male) |
| 12:34 | Crear | Villager (Male) |
| 12:46 | Investigar | Loom |
| 12:51 | Crear | Villager (Male) |
| 12:54 | Construir | Farm |
| 13:10 | Construir | Palisade Gate |
| 13:16 | Construir | Palisade Wall |
| 13:18 | Crear | Villager (Male) |
| 13:22 | Construir | Farm |
| 13:26 | Construir | Farm |
| 13:44 | Construir | Farm |
| 13:48 | Construir | Farm |
| 13:51 | Construir | Farm |
| 13:56 | Construir | Farm |
| 14:07 | Construir | Farm |
| 14:19 | Construir | House |
| 14:34 | Construir | Farm |
| 14:39 | Construir | Farm |
| 14:41 | Crear | Villager (Male) |
| 15:11 | Construir | Archery Range |
| 15:15 | Construir | Farm |
| 15:16 | Crear | Villager (Male) |
| 16:01 | Investigar | Castle Age |
| 16:28 | Construir | Mining Camp |
| 16:35 | Crear | Villager (Male) |
| 17:23 | Crear | Spearman |
| 17:33 | Crear | Villager (Male) |
| 17:58 | Investigar | Padded Archer Armor |
| 18:09 | Crear | Villager (Male) |
| 18:38 | Crear | Villager (Male) |
| 18:41 | Edad | Edad de los Castillos |
| 18:45 | Construir | Town Center |
| 18:46 | Crear | Villager (Male) |
| 19:01 | Crear | Villager (Male) |
| 19:09 | Crear | Archer |
| 19:10 | Crear | Archer |
| 19:10 | Crear | Archer |
| 19:11 | Crear | Archer |
| 19:14 | Crear | Villager (Male) |
| 19:17 | Construir | Farm |
| 19:36 | Construir | Town Center |
| 19:46 | Crear | Villager (Male) |
| 19:56 | Investigar | Bow Saw |
| 20:04 | Crear | Villager (Male) |
| 20:30 | Crear | Villager (Male) |
| 20:30 | Crear | Villager (Male) |
| 20:30 | Crear | Villager (Male) |
| 20:38 | Crear | Villager (Male) |
| 20:38 | Crear | Villager (Male) |
| 21:17 | Crear | Villager (Male) |
| 21:17 | Crear | Villager (Male) |
| 21:18 | Crear | Villager (Male) |
| 21:41 | Crear | Villager (Male) |
| 21:41 | Crear | Villager (Male) |
| 21:49 | Construir | Monastery |
| 21:51 | Crear | Villager (Male) |
| 21:54 | Construir | House |
| 22:01 | Crear | Villager (Male) |
| 22:03 | Investigar | Wheelbarrow |
| 22:09 | Investigar | Town Watch |
| 22:12 | Construir | Farm |
| 22:31 | Construir | House |
| 22:39 | Crear | Villager (Male) |
| 22:40 | Crear | Villager (Male) |
| 22:53 | Investigar | Fletching |
| 22:58 | Investigar | Scale Mail Armor |
| 22:59 | Crear | Villager (Male) |
| 23:00 | Crear | Villager (Male) |
| 23:02 | Construir | Farm |
| 23:06 | Crear | Monk |
| 23:19 | Construir | Outpost |
| 23:29 | Construir | Outpost |
| 23:31 | Crear | Villager (Male) |
| 23:31 | Crear | Villager (Male) |
| 23:33 | Crear | Villager (Male) |
| 24:02 | Construir | Castle |
| 24:06 | Crear | Archer |
| 24:08 | Crear | Archer |
| 24:11 | Construir | House |
| 24:13 | Crear | Villager (Male) |
| 24:13 | Crear | Villager (Male) |
| 24:14 | Crear | Villager (Male) |
| 24:14 | Crear | Villager (Male) |
| 24:19 | Construir | House |
| 24:23 | Crear | Spearman |
| 24:39 | Construir | Outpost |
| 24:42 | Construir | House |
| 24:55 | Crear | Villager (Male) |
| 24:58 | Construir | House |
| 24:59 | Crear | Villager (Male) |
| 25:00 | Crear | Villager (Male) |
| 25:00 | Crear | Villager (Male) |
| 25:00 | Crear | Villager (Male) |
| 25:08 | Construir | Farm |
| 25:08 | Construir | Farm |
| 25:08 | Construir | Farm |
| 25:08 | Construir | Farm |
| 25:09 | Construir | Farm |
| 25:10 | Construir | Farm |
| 25:15 | Construir | House |
| 25:25 | Crear | Villager (Male) |
| 25:25 | Crear | Villager (Male) |
| 25:26 | Crear | Villager (Male) |
Cronología de la partida
| 5:12 | DoT$eN · wall_segment Palisade Wall x1 |
| 6:14 | DoT$eN · first_building Barracks |
| 7:42 | DoT$eN · wall_segment Palisade Wall x14 |
| 10:30 | krikri · age_up feudal |
| 11:00 | DoT$eN · age_up feudal |
| 11:41 | DoT$eN · wall_segment Palisade Wall x1 |
| 12:14 | DoT$eN · wall_segment Palisade Wall x3 |
| 13:16 | DoT$eN · wall_segment Palisade Wall x5 |
| 14:25 | krikri · first_building Barracks |
| 15:11 | DoT$eN · first_building Archery Range |
| 15:41 | krikri · age_up castle |
| 15:59 | DoT$eN · first_market_sell 100 wood |
| 16:17 | krikri · wall_segment Palisade Wall x5 |
| 17:45 | krikri · wall_segment Palisade Wall x11 |
| 17:56 | krikri · wall_segment Palisade Wall x21 |
| 18:41 | DoT$eN · age_up castle |
| 19:35 | krikri · first_building Monastery |
| 21:00 | krikri · first_market_buy 100 food |
| 21:07 | DoT$eN · first_market_buy 100 wood |
| 21:49 | DoT$eN · first_building Monastery |
| 24:02 | DoT$eN · first_building Castle |
| 24:09 | krikri · first_building Stable |
| 29:01 | krikri · first_building Siege Workshop |
| 29:50 | krikri · age_up imperial |
| 31:54 | krikri · first_building Archery Range |
| 32:48 | DoT$eN · age_up imperial |
| 33:05 | krikri · first_building Castle |
| 45:08 | DoT$eN · first_building Siege Workshop |
| 54:30 | DoT$eN · first_building Stable |
| 56:47 | DoT$eN · wall_segment Palisade Wall x4 |
| 56:59 | DoT$eN · wall_segment Palisade Wall x5 |
| 59:40 | DoT$eN · wall_segment Palisade Wall x1 |
| 60:50 | DoT$eN · wall_segment Palisade Wall x1 |
| 67:36 | DoT$eN · wall_segment Stone Wall x9 |
| 67:43 | DoT$eN · wall_segment Stone Wall x14 |
| 71:51 | krikri · resign |
[ ANÁLISIS IA · 1 CRÉDITO ]
¿Qué pasó realmente en esta partida?
Wolo.gg analiza cada decisión: build order, eco, micro, errores típicos por bracket. Análisis personalizado por WhatsApp o Discord en 30 segundos.
Guía civ
Turcos
Perfil
Jugador #19642452